 Dungeon Crawl Stone Soup version 0.31-a0-182-gc5ef74bbde (webtiles) character file.

Game seed: 6169534808676007443

4291 qw the Cleaver (level 10, 0/50 HPs)
             Began as a Gargoyle Fighter on June 20, 2023.
             Was a Believer of Okawaru.
             Killed from afar by a wretched star (17 damage)
             ... with a lance of force
             ... on level 2 of the Abyss.
             The game lasted 00:03:36 (6833 turns).

qw the Cleaver (Gargoyle Fighter)                   Turns: 6833, Time: 00:03:37

Health: 0/50       AC: 28    Str: 24    XL:     10   Next: 32%
Magic:  8/10       EV:  9    Int:  9    God:    Okawaru [**....]
Gold:   408        SH:  6    Dex: 11    Spells: 9/9 levels left

rFire   . . .        Y - +0 war axe (chaos)
rCold   + . .        c - +0 buckler
rNeg    + . .        g - +0 plate armour
rPois   inf          (no helmet)
rElec   +            l - +1 cloak
rCorr   .            (no gloves)
SInv    .            t - +2 pair of boots
Will    .....        b - amulet of regeneration Stlth
                     h - ring of protection from cold
HPRegen 1.08/turn    s - +6 ring of dexterity
MPRegen 0.12/turn

%: no passive effects
@: heroic, unable to drink
A: sickness immunity, AC +7, negative energy resistance 1, electricity
resistance, torment resistance 1, petrification resistance, [clumsy 2],
[deterioration 2], [frail 2], [low MP 2], [screaming 2], [inability to drink
after injury 2]
a: Renounce Religion, Heroism


You were on level 2 of the Abyss.
You worshipped Okawaru.
Okawaru was pleased with you.
You visited 1 branch of the dungeon, and saw 8 of its levels.
You visited the Abyss 1 time.

You collected 408 gold pieces.


Innate Abilities, Weirdness & Mutations

You are immune to sickness and miasma.
Your stone body is resilient. (AC +7)
You are immune to poison.
You resist negative energy. (rN+)
You are resistant to electric shocks. (rElec)
You are resistant to unholy torment.
You are immune to petrification.
[You are very clumsy. (Dex -4)]
[Your body often deteriorates upon taking damage.]
[You are very frail. (-20% HP)]
[Your magical capacity is very low. (-20% MP)]
[You frequently scream uncontrollably at your foes.]
[You sometimes lose the ability to drink potions when taking damage.]


   Skills:
 + Level 7.2(12.2) Fighting
 - Level 10.1(15.1) Axes
 - Level 1.6(6.6) Throwing
 - Level 6.3(11.3) Armour
 - Level 2.0(7.0) Dodging
 - Level 4.3(9.3) Shields
 - Level 4.9 Invocations


You had 9 spell levels left.
You didn't know any spells.
Your spell library was empty.

Inventory:

Hand Weapons
 p - a +0 flail
 y - a +0 hand axe
 Y - a +0 war axe of chaos (weapon)
Armour
 c - a +0 buckler (worn)
 g - a +0 plate armour (worn)
 l - a +1 cloak (worn)
 r - a +8 chain mail of ponderousness
 t - a +2 pair of boots (worn)
Jewellery
 b - an amulet of regeneration (around neck)
 h - a ring of protection from cold (left hand)
 o - a ring of positive energy
 s - a +6 ring of dexterity (right hand)
 x - a ring of wizardry
 z - a +4 ring of protection
Scrolls
 a - 3 scrolls of identify
 m - a scroll of teleportation
 u - a scroll of acquirement {unknown}
 v - a scroll of fog {unknown}
Potions
 d - 2 potions of might
 e - 6 potions of curing
 f - a potion of cancellation
 i - 2 potions of attraction
 j - a potion of enlightenment
 k - a potion of heal wounds
 n - 2 potions of mutation {unknown}
 q - a potion of invisibility {unknown}
 w - a potion of lignification {unknown}
 A - a potion of brilliance

Dungeon Overview and Level Annotations

Branches:
Dungeon (8/15)             Temple (0/1) D:6
   Lair: D:8-11

Altars:
Ashenzari
Elyvilon
Fedhas
Gozag
Kikubaaqudgha
Okawaru
Sif Muna
Uskayaw
Vehumet
Xom
Yredelemnul
Zin
The Shining One

Portals:
Bailey: D:8

Annotations:
D:4 2 transporters, qw's ghost, amateur NaHu
D:8 Maggie


Message History

You are knocked back by the lance of force.
Found a gateway leading deeper into the Abyss.
The wretched star glows turbulently.
The lance of force hits you!!
You are knocked back by the lance of force.
You slam into the crystal wall!
6826 ||| INVOKING Heroism.
You gain the combat prowess of a mighty hero.
Okawaru will no longer gift you throwing weapons.
The wretched star glows turbulently.
The lance of force misses you.
The wretched star glows turbulently.
The lance of force hits you but does no damage.
You slash the wretched star!
The wretched star is severely damaged.
The wretched star glows turbulently.
The lance of force hits you.
You are knocked back by the lance of force.
You slam into the crystal wall!
You feel threatened and lose the ability to drink potions!
The wretched star pulses with an eldritch light!
You feel clumsy. x2
The wretched star pulses with an eldritch light!
You feel yourself wasting away.
You feel your body start to fall apart.
You hit the wretched star but do no damage.
Nothing appears to happen.
The wretched star is severely damaged.
You barely miss the wretched star.
The wretched star is severely damaged.
You can drink potions again.
The wretched star glows turbulently.
The lance of force hits you!
You feel threatened and lose the ability to drink potions!
You are knocked back by the lance of force.
You slam into the crystal wall!
You slash the wretched star!
The wretched star is almost destroyed.
The wretched star glows turbulently.
The lance of force hits you!
You die...

..# >. ## # .. #.
#.#.#. .# #....###.
#..#..## ###......#
##..#..@ยค.#
..#.#*..#...#
#.........#.. ##
###....#.##...
#........#...#...#
.....##.###.##.....#
#......#.##.#.# ...#
. #......#.. # #....
.# .#


You could see a wretched star (fast).

Vanquished Creatures
  An ugly thing (D:7)
  A smoke demon (Abyss:2)
  An eye of devastation (Abyss:2)
  A gargoyle (D:7)
  A troll (D:7)
  A wraith (D:8)
  2 water moccasins
  6 ice beasts
  2 sky beasts
  A black bear (D:4)
  A centaur (D:8)
  Blork the orc (D:6)
  2 kobold brigands
  3 bullfrogs (D:7)
  A killer bee (D:7)
  6 howler monkeys
  2 gnoll boudas
  5 hounds
  2 jellies (D:7)
  2 orc priests
  4 iguanas
  A sleepcap (D:7)
  4 orc wizards
  7 gnolls
  8 adders
  A shadow imp (D:7)
  5 white imps
  3 ufetubi
  3 dart slugs
  34 orcs
  8 bats
  5 endoplasms
  2 giant cockroaches
  6 goblins
  6 hobgoblins
  4 jackals (D:2)
  5 quokkas
  8 ball pythons
  5 frilled lizards
  18 kobolds
  3 rats (D:2)
182 creatures vanquished.

Notes
Turn   | Place    | Note
-------+----------+-------------------------------------------
     0 | D:1      | qw the Gargoyle Fighter began the quest for the Orb.
     0 | D:1      | Reached XP level 1. HP: 14/14 MP: 1/1
     0 | D:1      | 0 ||| qw: Version: 0.3-a-9-g12657ce
     0 | D:1      | 0 ||| qw: Game counter: 1342
     0 | D:1      | 0 ||| qw: Always use a shield: true
     0 | D:1      | 0 ||| qw: God list: Okawaru
     0 | D:1      | 0 ||| qw: Allow faded altars: false
     0 | D:1      | 0 ||| qw: Do Orc after D:15 true
     0 | D:1      | 0 ||| qw: Do second Lair branch before Depths: true
     0 | D:1      | 0 ||| qw: Lair rune preference: random
     0 | D:1      | 0 ||| qw: Plans: Normal, Zot:1-4, Slime:5, God:TSO, Crypt,
                  | Tomb, Abyss, Pan, Hells, Win
     0 | D:1      | 0 ||| PLANNING D:1-11
    16 | D:1      | Reached skill level 2 in Axes
   178 | D:1      | 178 ||| Stepping ~*~*~tactically~*~*~ (stealth).
   195 | D:1      | Reached XP level 2. HP: 17/19 MP: 2/2
   523 | D:1      | Reached skill level 3 in Axes
   831 | D:1      | 831 ||| UPGRADING to +0 plate armour.
   841 | D:1      | 841 ||| DROPPING +0 scale mail.
   842 | D:1      | 842 ||| READING 2 scrolls labelled MIZ ARORUD.
   869 | D:2      | 869 ||| Stepping ~*~*~tactically~*~*~ (stealth).
   873 | D:2      | 873 ||| Stepping ~*~*~tactically~*~*~ (stealth).
   876 | D:2      | Reached XP level 3. HP: 23/23 MP: 3/3
   898 | D:2      | Identified the +1 leather armour of Ehisiv {rPois}
   909 | D:2      | 909 ||| Stepping ~*~*~tactically~*~*~ (stealth).
   919 | D:2      | 919 ||| Stepping ~*~*~tactically~*~*~ (stealth).
   967 | D:2      | 967 ||| Stepping ~*~*~tactically~*~*~ (stealth).
   998 | D:2      | 998 ||| Stepping ~*~*~tactically~*~*~ (hiding).
  1216 | D:2      | Reached XP level 4. HP: 28/28 MP: 4/4
  1358 | D:2      | Reached skill level 4 in Axes
  1358 | D:2      | Identified the +1 leather armour of Zin's Envy {rN+}
  1360 | D:2      | 1360 ||| FLEEEEING.
  1469 | D:2      | 1469 ||| UPGRADING to amulet of regeneration.
  1474 | D:2      | 1474 ||| UPGRADING to ring of protection from cold.
  1475 | D:2      | 1475 ||| UPGRADING to ring of positive energy.
  1628 | D:3      | 1628 ||| Stepping ~*~*~tactically~*~*~ (stealth).
  1629 | D:3      | 1629 ||| Stepping ~*~*~tactically~*~*~ (stealth).
  1869 | D:3      | Reached XP level 5. HP: 32/32 MP: 5/5
  1871 | D:3      | 1871 ||| DROPPING +0 whip.
  1900 | D:3      | 1900 ||| Stepping ~*~*~tactically~*~*~ (stealth).
  2144 | D:3      | 2144 ||| UPGRADING to +0 cloak.
  2149 | D:3      | 2149 ||| READING 2 scrolls labelled QIZI OMUCRIR.
  2150 | D:3      | 2150 ||| READING scroll labelled LUORUL VITZU.
  2151 | D:3      | 2151 ||| READING scroll labelled XIOXIU DIN PULLA.
  2152 | D:3      | 2152 ||| DRINKING 3 clear potions.
  2153 | D:3      | 2153 ||| READING 3 scrolls of identify.
  2153 | D:3      | 2153 ||| IDENTIFYING inky potion
  2154 | D:3      | 2154 ||| READING 2 scrolls of identify.
  2154 | D:3      | 2154 ||| IDENTIFYING coppery potion
  2155 | D:3      | 2155 ||| DROPPING scroll of fear.
  2188 | D:4      | Reached skill level 5 in Axes
  2196 | D:4      | 2196 ||| FLEEEEING.
  2273 | D:4      | Noticed a black bear
  2283 | D:4      | Killed a black bear
  2284 | D:4      | Reached XP level 6. HP: 24/39 MP: 6/6
  2333 | D:4      | Noticed qw's ghost (amateur NaHu)
  2333 | D:4      | Noticed a wyvern
  2344 | D:4      | Found a transporter.
  2346 | D:4      | Found a transporter.
  2363 | D:4      | 2363 ||| Stepping ~*~*~tactically~*~*~ (stealth).
  2677 | D:4      | 2677 ||| Stepping ~*~*~tactically~*~*~ (hiding).
  2704 | D:4      | Reached skill level 6 in Axes
  2704 | D:4      | Reached XP level 7. HP: 31/44 MP: 7/7
  3024 | D:4      | 3024 ||| DROPPING +6 ring of intelligence.
  3025 | D:4      | 3025 ||| UPGRADING to +6 ring of dexterity.
  3027 | D:4      | 3027 ||| READING scroll labelled ZAN RULUIM.
  3062 | D:5      | Entered Level 5 of the Dungeon
  3259 | D:5      | Reached skill level 1 in Dodging
  3818 | D:5      | Found a broken altar of Ashenzari.
  3818 | D:5      | Found a basalt altar of Yredelemnul.
  3820 | D:5      | Found a glowing golden altar of the Shining One.
  3824 | D:5      | Found a blossoming altar of Fedhas.
  3824 | D:5      | Found an iron altar of Okawaru.
  3824 | D:5      | Found a shimmering blue altar of Sif Muna.
  3824 | D:5      | Found an ancient bone altar of Kikubaaqudgha.
  3824 | D:5      | Found a white marble altar of Elyvilon.
  3825 | D:5      | 3825 ||| PLANNING OKAWARU WORSHIP
  3825 | D:5      | 3825 ||| DROPPING amulet of magic regeneration.
  3826 | D:5      | 3826 ||| READING scroll labelled XUYREOSEAF.
  3831 | D:5      | 3831 ||| READING 2 scrolls of identify.
  3831 | D:5      | 3831 ||| IDENTIFYING fuming grey potion
  3885 | D:5      | Found a shimmering altar of Xom.
  3886 | D:5      | Found an opulent altar of Gozag.
  3889 | D:5      | Found a radiant altar of Vehumet.
  3892 | D:5      | Became a worshipper of Warmaster Okawaru
  3893 | D:5      | 3893 ||| PLANNING D:1-11
  4095 | D:5      | 4095 ||| READING 2 scrolls of identify.
  4095 | D:5      | 4095 ||| IDENTIFYING murky silvery potion
  4096 | D:5      | 4096 ||| DROPPING potion of degeneration.
  4177 | D:6      | Found a staircase to the Ecumenical Temple.
  4233 | D:6      | Noticed Blork the orc
  4240 | D:6      | Killed Blork the orc
  4241 | D:6      | Reached skill level 7 in Axes
  4241 | D:6      | Reached XP level 8. HP: 48/48 MP: 8/8
  4262 | D:6      | 4262 ||| Stepping ~*~*~tactically~*~*~ (hiding).
  4283 | D:6      | Reached skill level 1 in Throwing
  4301 | D:6      | 4301 ||| Stepping ~*~*~tactically~*~*~ (hiding).
  4355 | D:6      | 4355 ||| Stepping ~*~*~tactically~*~*~ (stealth).
  4356 | D:6      | 4356 ||| Stepping ~*~*~tactically~*~*~ (stealth).
  4371 | D:6      | 4371 ||| Stepping ~*~*~tactically~*~*~ (stealth).
  4373 | D:6      | 4373 ||| Stepping ~*~*~tactically~*~*~ (hiding).
  4375 | D:6      | 4375 ||| Stepping ~*~*~tactically~*~*~ (hiding).
  4642 | D:6      | 4642 ||| Stepping ~*~*~tactically~*~*~ (stealth).
  4798 | D:6      | 4798 ||| DROPPING +3 mace.
  4853 | D:6      | Reached * piety under Okawaru
  5129 | D:6      | 5129 ||| UPGRADING to +1 cloak.
  5139 | D:6      | 5139 ||| DROPPING +0 cloak.
  5140 | D:6      | 5140 ||| READING scroll labelled GIVABBOTRO.
  5141 | D:6      | 5141 ||| READING scroll labelled XIPSEBB LARR.
  5142 | D:6      | 5142 ||| READING scroll labelled UGO SURARA.
  5201 | D:7      | 5201 ||| STAIRDANCE
  5222 | D:7      | Reached skill level 8 in Axes
  5222 | D:7      | Reached skill level 1 in Invocations
  5315 | D:7      | Noticed a gargoyle
  5321 | D:7      | 5321 ||| INVOKING Heroism.
  5323 | D:7      | Killed a gargoyle
  5324 | D:7      | Reached skill level 6 in Fighting
  5324 | D:7      | Reached skill level 3 in Invocations
  5324 | D:7      | Reached XP level 9. HP: 27/56 MP: 7/11
  5386 | D:7      | Noticed a +0 short sword
  5386 | D:7      | Noticed a +0 falchion
  5386 | D:7      | Noticed a +0 short sword
  5387 | D:7      | Noticed a +0 dagger
  5396 | D:7      | 5396 ||| Stepping ~*~*~tactically~*~*~ (hiding).
  5534 | D:7      | Noticed a cyan ugly thing
  5539 | D:7      | 5539 ||| INVOKING Heroism.
  5542 | D:7      | Killed a cyan ugly thing
  5542 | D:7      | Reached ** piety under Okawaru
  5628 | D:7      | 5628 ||| READING scroll of brand weapon.
  5628 | D:7      | 5628 ||| BRANDING +0 heavy war axe.
  5714 | D:7      | 5714 ||| INVOKING Heroism.
  5734 | D:7      | Found a hide-covered altar of Uskayaw.
  5786 | D:7      | Noticed a +0 spear
  5787 | D:7      | Noticed a +0 falchion
  5788 | D:7      | Noticed a +0 spear
  5788 | D:7      | Noticed a +0 dagger
  5923 | D:7      | Noticed a troll
  5924 | D:7      | 5924 ||| INVOKING Heroism.
  5928 | D:7      | Reached skill level 9 in Axes
  5933 | D:7      | HP: 4/56 [wyvern (14)]
  5934 | D:7      | 5934 ||| READING 3 scrolls of teleportation.
  5935 | D:7      | 5935 ||| DRINKING 3 potions of heal wounds.
  6108 | D:7      | 6108 ||| INVOKING Heroism.
  6297 | D:7      | 6297 ||| INVOKING Heroism.
  6306 | D:7      | Killed a troll
  6354 | D:7      | 6354 ||| Stepping ~*~*~tactically~*~*~ (stealth).
  6356 | D:7      | 6356 ||| Stepping ~*~*~tactically~*~*~ (stealth).
  6363 | D:7      | 6363 ||| Stepping ~*~*~tactically~*~*~ (stealth).
  6372 | D:7      | 6372 ||| UPGRADING to +2 pair of boots.
  6377 | D:7      | 6377 ||| DROPPING amulet of guardian spirit.
  6378 | D:7      | 6378 ||| READING 2 scrolls of identify.
  6378 | D:7      | 6378 ||| IDENTIFYING fizzy silvery potion
  6436 | D:8      | Found a flagged portal.
  6445 | D:8      | Reached skill level 6 in Armour
  6445 | D:8      | Reached XP level 10. HP: 59/63 MP: 13/13
  6549 | D:8      | Reached *** piety under Okawaru
  6557 | D:8      | Found a glowing silver altar of Zin.
  6691 | D:8      | 6691 ||| INVOKING Heroism.
  6692 | D:8      | Noticed Maggie
  6697 | Abyss:2  | Cast into level 2 of the Abyss (Maggie)
  6757 | Abyss:2  | Noticed a smoke demon
  6758 | Abyss:2  | 6758 ||| Stepping ~*~*~tactically~*~*~ (hiding).
  6758 | Abyss:2  | Noticed an eye of devastation
  6759 | Abyss:2  | 6759 ||| Stepping ~*~*~tactically~*~*~ (stealth).
  6760 | Abyss:2  | 6760 ||| Stepping ~*~*~tactically~*~*~ (cloud).
  6762 | Abyss:2  | 6762 ||| Stepping ~*~*~tactically~*~*~ (hiding).
  6765 | Abyss:2  | 6765 ||| INVOKING Heroism.
  6765 | Abyss:2  | HP: 9/63 [smoke demon/ball of steam (8)]
  6766 | Abyss:2  | 6766 ||| READING 2 scrolls of teleportation.
  6767 | Abyss:2  | 6767 ||| DRINKING 3 potions of heal wounds.
  6770 | Abyss:2  | Killed a smoke demon
  6776 | Abyss:2  | HP: 10/63 [disintegration (36)]
  6777 | Abyss:2  | 6777 ||| DRINKING 2 potions of heal wounds.
  6782 | Abyss:2  | Killed an eye of devastation
  6783 | Abyss:2  | Reached skill level 10 in Axes
  6783 | Abyss:2  | Found a corrupted altar of Lugonu.
  6808 | Abyss:2  | Noticed a wretched star
  6826 | Abyss:2  | 6826 ||| INVOKING Heroism.
  6833 | Abyss:2  | Killed from afar by a wretched star

Levels and vault maps discovered:
D:1:      lightli_arrival_chessboard, layout_loops_cross, serial_rivers,
          chequers_serial_rivers_room_b, chequers_serial_rivers_marsh,
          chequers_serial_rivers_small_a, chequers_serial_rivers_micro_c
D:2:      minmay_evil_eye, layout_basic
D:3:      layout_loops_cross
D:4:      layout_basic, gammafunk_ghost_arena, minmay_misc_feat_enclosed,
          minmay_misc_feat_more_columns
D:5:      nicolae_cairo_tiling_large, layout_layer_cave, minitemple
D:6:      layout_basic, minmay_temple_entry_sparse_star, uniq_blork_the_orc
D:7:      minmay_opposing_rooms, layout_cave_pods, nicolae_uskayaw_en_pointe,
          hangedman_decor_peaks_small, grunt_ministairs_6
D:8:      layout_rooms, amcnicky_altar_gilded, enter_bailey_2, uniq_maggie
Abyss:2:  base: D:1, base: D:1, due_exit_kobolds

Skill      XL: |  1  2  3  4  5  6  7  8  9 10 |
---------------+-------------------------------+-----
Axes           | 2 3 4 5 6 7 8 9 10 | 10.1
Fighting       | 4 6 7 |  7.2
Dodging        | 1 2 |  2.0
Armour         | 4 6 |  6.3
Throwing       | 1 |  1.6
Invocations    | 3 4 |  4.9
Shields        | 4 |  4.3

Action                     |  1- 3 |  4- 6 |  7- 9 | 10-12 || total
---------------------------+-------+-------+-------+-------++-------
  Melee: War axe           |   130 |   200 |   206 |    70 ||   606
  Throw: Boomerang         |       |    20 |    34 |       ||    54
 Invoke: Heroism           |       |       |     6 |     3 ||     9
    Use: Scroll            |     1 |     5 |    10 |     1 ||    17
         Potion            |       |     1 |     1 |     2 ||     4
   Stab: Paralysed         |       |       |     1 |       ||     1
 Armour: Scale mail        |    36 |       |       |       ||    36
         Plate armour      |    38 |   149 |   164 |    45 ||   396
  Dodge: Dodged            |    49 |    55 |    78 |    13 ||   195
  Block: Buckler           |    32 |    49 |    64 |    10 ||   155

Table legend:
 A = Non-vault XP
 B = Vault XP
 C = Vault XP percentage of total XP
 D = Non-vault monster count
 E = Vault monster count
 F = Vault count percentage of total count
                 A         B        C        D         E       F
            +---------+---------+-------+---------+---------+-------
      Total |    4428 |    1703 |  27.8 |     164 |      18 |   9.9
            +---------+---------+-------+---------+---------+-------
        D:1 |      33 |       0 |   0.0 |      17 |       0 |   0.0
        D:2 |      89 |       6 |   6.3 |      27 |       4 |  12.9
        D:3 |      74 |       2 |   2.6 |      18 |       1 |   5.3
        D:4 |     482 |       0 |   0.0 |      33 |       0 |   0.0
        D:5 |     429 |       0 |   0.0 |      13 |       0 |   0.0
        D:6 |     640 |      97 |  13.2 |      18 |       2 |  10.0
        D:7 |    1082 |    1598 |  59.6 |      23 |      11 |  32.4
        D:8 |     737 |       0 |   0.0 |      13 |       0 |   0.0
    Abyss:2 |     862 |       0 |   0.0 |       2 |       0 |   0.0
            +---------+---------+-------+---------+---------+-------
